 Dungeon Crawl Stone Soup version 0.32-a0-42-ga30500b4d3 (webtiles) character file.

Game seed: 311507478742953055

230 grandjackal the Slasher (level 5, 0/42 HPs)
             Began as a Demonspawn Gladiator on Jan 29, 2024.
             Was an Initiate of Kikubaaqudgha.
             Slain by an orc
             ... wielding a +0 trident
              (1 damage)
             ... on level 3 of the Dungeon.
             The game lasted 00:03:02 (2755 turns).

grandjackal the Slasher (Demonspawn Gladiator)      Turns: 2755, Time: 00:03:03

Health: 0/42       AC:  0    Str: 14    XL:     5   Next: 72%
Magic:  5/5        EV: 12    Int: 11    God:    Kikubaaqudgha [......]
Gold:   189        SH:  0    Dex: 15    Spells: 4/4 levels left

rFire   . . .        q - +7 short sword of Cozes {vamp, *Corrode rElec Int+3}
rCold   . . .        (no shield)
rNeg    . . .        b - +0 leather armour
rPois   .            c - +0 helmet
rElec   +            (no cloak)
rCorr   .            (no gloves)
SInv    .            (no boots)
Will    .....        (no amulet)
Stlth   +            (no ring)
HPRegen 0.27/turn    (no ring)
MPRegen 0.09/turn

%: corrode self (3%)
@: confused, corroded, invisible
A: demonic magic 1, hooves 1, clumsy 1
a: Renounce Religion


You were on level 3 of the Dungeon.
You worshipped Kikubaaqudgha.
Kikubaaqudgha was noncommittal.
You visited 1 branch of the dungeon, and saw 3 of its levels.

You collected 189 gold pieces.

Inventory:

Hand Weapons
 a - a +0 long sword
 q - the +7 short sword of Cozes (weapon) {vamp, *Corrode rElec Int+3}
   (You found it on level 3 of the Dungeon)

   Int+3:     It affects your intelligence (+3).
   rElec:     It insulates you from electricity.
   *Corrode:  It may corrode you when you take damage.
Missiles
 d - 3 throwing nets (quivered)
 e - a javelin
Armour
 b - a +0 leather armour (worn)
 c - a +0 helmet (worn)
Scrolls
 f - a scroll of revelation {unknown}
 i - 2 scrolls of silence {unknown}
 k - a scroll of blinking {unknown}
 l - a scroll of brand weapon {unknown}
 m - a scroll of enchant armour {unknown}
 o - a scroll of identify {unknown}
Potions
 g - a potion of resistance {unknown}
 h - a potion of cancellation {unknown}
 n - a potion of berserk rage {unknown}
 p - a potion of mutation


   Skills:
 + Level 4.1 Fighting
 + Level 4.3 Long Blades
 - Level 2.0 Throwing
 - Level 3.0 Dodging
 + Level 1.4 Necromancy


You had 4 spell levels left.
You didn't know any spells.
Your spell library contained the following spells:

 Spells                   Type           Power      Damage    Failure   Level
 Alistair's Intoxication  Alch           0%         N/A       100%        5
 Borgnjor's Vile Clutch   Necr/Erth      0%         N/A       100%        5
 Eringya's Noxious Bog    Alch           0%         4d6       100%        6


Dungeon Overview and Level Annotations

Branches:
Dungeon (3/15)

Altars:
Kikubaaqudgha


Innate Abilities, Weirdness & Mutations

Spells you cast may paralyse adjacent enemies.
You have large cloven feet.
You are clumsy. (Dex -2)


Message History

You miss something. The orc closely misses you.
Something hits you but does no damage. The orc hits you but does no damage.
You miss something. The orc barely misses you. Something hits you.
* * * LOW HITPOINT WARNING * * *
You hit something but do no damage. The orc misses you. Something hits you.
* * * LOW HITPOINT WARNING * * *
You barely miss something.
The orc hits you from afar with a +0 trident.
* * * LOW HITPOINT WARNING * * *
You puncture something!
You feel better. Something hits you but does no damage.
The orc barely misses you.
You barely miss something.
You hear some strange, mumbled words.
You are confused.
You bump into the rock wall.
The orc closely misses you.
You hear some strange, mumbled words.
A puff of flame appears from out of thin air!
The puff of flame misses you.
You bump into the rock wall.
The orc hits you from afar with a +0 trident.
* * * LOW HITPOINT WARNING * * *
Something hits you but does no damage.
You bump into the rock wall.
The orc closely misses you. Something hits you.
* * * LOW HITPOINT WARNING * * *
Your corrosive artefact corrodes you!
You barely miss something. The orc closely misses you.
You hear some strange, mumbled words.
Something tries to affect you, but you resist.
It was a potion of mutation.
You feel extremely strange.
You feel clumsy.
Your feet thicken and deform.
The orc hits you from afar with a +0 trident.
* * * LOW HITPOINT WARNING * * *
You hear some strange, mumbled words.
You are more confused.
It was a potion of invisibility.
You fade into invisibility!
The orc hits you from afar with a +0 trident.
You die...
Kikubaaqudgha rasps: "You have failed me!
Welcome... death!"

#################.
.......o{@........
#.....o##.######.
#.#######.# #.#
#.## #..# # ##.# #
#.# # ########.#
...#


You could see 2 orcs.

Vanquished Creatures
  An orc priest (D:3)
  4 orc wizards (D:3)
  4 gnolls
  3 adders (D:2)
  4 orcs (D:3)
  4 endoplasms
  A giant cockroach (D:3)
  5 goblins
  7 hobgoblins
  10 jackals
  A quokka (D:2)
  4 ball pythons
  2 bats
  5 frilled lizards
  A kobold (D:1)
  4 rats
60 creatures vanquished.

Vanquished Creatures (others)
  An orc (D:3)
1 creature vanquished.

Grand Total: 61 creatures vanquished

Notes
Turn   | Place    | Note
-------+----------+-------------------------------------------
     0 | D:1      | grandjackal the Demonspawn Gladiator began the quest for
                  | the Orb.
     0 | D:1      | Reached XP level 1. HP: 16/16 MP: 1/1
   155 | D:1      | Gained mutation: Spells you cast may paralyse adjacent
                  | enemies. [demonic ancestry]
   155 | D:1      | Reached XP level 2. HP: 22/22 MP: 2/2
   879 | D:2      | Found a faded altar of an unknown god.
   923 | D:2      | Reached XP level 3. HP: 28/28 MP: 3/3
  1263 | D:2      | Reached XP level 4. HP: 35/35 MP: 4/4
  2009 | D:3      | Found an ancient bone altar of Kikubaaqudgha.
  2038 | D:3      | Reached XP level 5. HP: 18/42 MP: 5/5
  2133 | D:3      | Became a worshipper of Kikubaaqudgha
  2267 | D:3      | Identified the +1 quarterstaff of Tenacity {elec, ^Drain
                  | Dex+4}
  2466 | D:3      | Reached skill level 1 in Necromancy
  2716 | D:3      | Identified the +7 short sword of Cozes {vamp, *Corrode
                  | rElec Int+3}
  2747 | D:3      | HP: 2/42 [orc/+0 trident (4)]
  2754 | D:3      | Gained mutation: You are clumsy. (Dex -2) [potion of
                  | mutation]
  2754 | D:3      | Gained mutation: You have large cloven feet. [potion of
                  | mutation]
  2754 | D:3      | HP: 1/42 [orc/+0 trident (3)]
  2755 | D:3      | Slain by an orc

Illustrated notes

Levels and vault maps discovered:
D:1:      mainiacjoe_arrival_reflecting_pool, layout_loops_ring
D:2:      layout_loops_ring, ebering_ecumenical_altar_petrified,
          minmay_gold_behind_fungi, chequers_mini_garden, minmay_pentomino_q2
D:3:      layout_loops_ring, nicolae_kikubaaqudgha_miasma_corner

Skill      XL: |  1  2  3  4  5 |
---------------+----------------+-----
Throwing       | 2 |  2.0
Dodging        | 3 |  3.0
Long Blades    | 3 4 |  4.3
Fighting       | 3 4 |  4.1
Necromancy     | 1 |  1.4

Action                     |  1- 3 |  4- 6 || total
---------------------------+-------+-------++-------
  Melee: Long sword        |    85 |   115 ||   200
         Punch             |     1 |     1 ||     2
         Short sword       |       |    21 ||    21
  Throw: Throwing net      |     3 |       ||     3
    Use: Potion            |       |     2 ||     2
   Stab: Held in net/web   |     1 |       ||     1
         Sleeping          |       |     1 ||     1
 Armour: Leather armour    |    52 |   106 ||   158
  Dodge: Dodged            |    89 |    80 ||   169

Table legend: (Time is in decaauts)
 A = Elapsed time spent in this place.
 B = Non-inter-level travel time spent in this place.
 C = Inter-level travel time spent in this place.
 D = Time resting spent in this place.
 E = Time spent auto-exploring this place.
 F = Levels seen in this place.
 G = Mean time per level.
                   A        B        C        D        E       F      G
               +--------+--------+--------+--------+--------+-----+--------+
         Total |   2799 |   2735 |     64 |    602 |   1541 |   3 |  933.0 |
       Dungeon |   2799 |   2735 |     64 |    602 |   1541 |   3 |  933.0 |
               +--------+--------+--------+--------+--------+-----+--------+

Top non-repeatable levels by time:
     D:2: 1008 daAuts
     D:1: 989 daAuts
     D:3: 802 daAuts
